Map: Disco Bloodbath LE

Players

Rogue - Winner!

  • Race: Zerg Zerg
  • Spawn Location: 9:00

Classic

  • Race: Protoss Protoss
  • Spawn Location: 3:00

Event: 2019 WCS Global FInals

VOD

Have the link to the VOD?

Description

Time

  • Played on: Nov. 1, 2019, 6:44 p.m.
  • Length: 13:28

All games in this series

Show
View Real Time Build Order
Export as new Build Order

Rogue Zerg - Winner!

Build Orders: Hatch First 

Get SALT Encoding   

  12  0:00  Drone  
  13  0:12  Overlord  
  13  0:16  Drone  
  14  0:30  Drone x2  
  16  0:47  Hatchery  
  15  0:50  Drone  
  15  0:54  Drone  
  17  0:57  Drone  
  18  1:09  Extractor  
  17  1:12  Spawning Pool  
  17  1:15  Drone  
  17  1:19  Drone  
  18  1:28  Drone  
  19  1:38  Drone  
  20  1:48  Overlord  
  20  1:58  Queen  
  20  1:59  Zergling x4, Queen  
  26  2:08  Metabolic Boost  
  26  2:10  Drone x2  
  30  2:22  Drone x2  
  30  2:33  Hatchery  
  29  2:38  Drone x2  
  29  2:44  Queen  
  31  2:51  Overlord  
  33  2:54  Drone x2  
  33  2:56  Drone  
  36  3:11  Zergling x4  
  39  3:12  Drone  
  39  3:13  Drone x2  
  39  3:17  Spore Crawler  
  40  3:21  Drone, Queen  
  40  3:25  Overlord  
  43  3:28  Drone  
  43  3:32  Pneumatized Carapace  
  44  3:42  Overlord  
  44  3:44  Drone x6  
  44  3:45  Drone  
  51  3:49  Zergling x2  
  51  3:54  Queen  
  51  3:58  Spore Crawler  
  51  4:00  Drone x2  
  51  4:01  Drone  
  52  4:05  Drone x2  
  52  4:09  Overlord  
  53  4:10  Drone  
  54  4:17  Roach Warren  
  54  4:19  Drone x3  
  56  4:24  Evolution Chamber  
  56  4:27  Overlord  
  56  4:28  Drone x3  
  58  4:33  Overlord  
  58  4:36  Zergling x6  
  58  4:37  Zergling x2  
  62  4:39  Drone  
  62  4:44  Extractor x2  
  61  4:45  Lair  
  61  4:47  Zergling x4  
  61  4:50  Zergling x4  
  65  4:59  Drone x4  
  66  5:05  Zergling x2  
  65  5:09  Overlord  
  65  5:13  Drone x4  
  65  5:15  Drone x2, Extractor  
  65  5:17  Zergling x2  
  66  5:25  Overlord  
  66  5:28  Extractor  
  66  5:29  Roach x2  
  66  5:33  Roach x2  
  72  5:36  Roach x2  
  72  5:40  Roach x2  
  80  5:43  Roach  
  80  5:44  Zergling x2  
  80  5:45  Zergling x2  
  84  5:50  Glial Reconstitution  
  84  5:52  Zergling x4  
  84  5:54  Zergling x2  
  84  5:57  Overlord  
  87  5:59  Overlord  
  86  6:11  Overlord  
  84  6:13  Zergling x4  
  84  6:14  Overlord  
  84  6:15  Zerg Missile Weapons Level 1  
  86  6:20  Roach x2  
  86  6:22  Roach  
  92  6:26  Roach  
  92  6:27  Roach  
  92  6:32  Drone x3  
  99  6:33  Drone  
  99  6:36  Extractor, Ravager  
  99  6:37  Ravager x2  
  102  6:44  Spine Crawler x2  
  102  6:45  Drone x3  
  104  6:47  Drone  
  104  6:51  Extractor  
  104  6:53  Ravager x3  
  107  6:56  Roach x2  
  107  7:00  Roach x2  
  115  7:02  Overlord  
  115  7:06  Overlord  
  115  7:09  Overlord  
  115  7:10  Overlord  
  115  7:13  Overlord  
  115  7:27  Roach x7  
  131  7:30  Roach  
  131  7:32  Roach  
  131  7:36  Roach x2  
  130  7:37  Roach  
  130  7:40  Roach  
  121  7:48  Roach x4  
  121  7:49  Roach  
  121  7:50  Roach  
  122  7:55  Roach  
  122  7:56  Ravager x3  
  127  8:04  Roach x4  
  127  8:05  Roach  
  137  8:10  Overlord  
  137  8:14  Ravager x2  
  137  8:18  Roach x3, Zergling x2  
  146  8:20  Overlord  
  146  8:22  Overlord  
  146  8:28  Overlord  
  146  8:32  Roach  
  146  8:33  Roach x3  
  154  8:40  Roach x4  
  162  8:43  Overlord  
  162  8:44  Ravager  
  162  8:45  Ravager  
  164  8:58  Baneling Nest, Zerg Melee Weapons Level 1  
  164  9:00  Drone x7  
  164  9:01  Drone x2  
  172  9:10  Overlord  
  172  9:23  Hatchery, Zergling x16  
  175  9:39  Zergling x16  
  175  9:42  Overlord  
  182  9:48  Zergling x2  
  182  9:49  Zergling x8  
  182  9:50  Overlord x2  
  182  9:52  Centrifical Hooks  
  186  9:55  Overseer  
  186  10:01  Baneling  
  186  10:02  Baneling x12  
  186  10:06  Drone  
  190  10:07  Drone x3  
  190  10:08  Drone  
  190  10:11  Drone x2  
  193  10:16  Infestation Pit  
  193  10:19  Baneling x5  
  193  10:20  Baneling x2  
  192  10:29  Baneling  
  192  10:30  Baneling x7  
  192  10:34  Zergling x6  
  195  10:44  Zergling x10  
  200  10:54  Spore Crawler  
  200  10:56  Baneling  
  199  10:57  Baneling x8  
  199  11:02  Overlord  
  199  11:08  Baneling x3  
  199  11:09  Baneling x11, Hatchery  
  195  11:11  Zergling x2  
  195  11:12  Zergling x6  
  195  11:18  Zergling x2  
  199  11:23  Zergling x2  
  199  11:24  Zergling x24  
  189  11:29  Zergling x10  
  189  11:32  Zergling x2  
  187  11:36  Zergling x2  
  187  11:39  Zergling x6  
  176  11:45  Zergling x14  
  176  11:47  Baneling x10  
  182  11:58  Hive  
  182  12:00  Zergling x2  
  182  12:01  Zergling x8  
  168  12:03  Baneling  
  168  12:04  Baneling x6  
  168  12:08  Baneling  
  168  12:09  Baneling x9  
  168  12:13  Ravager x3  
  171  12:18  Baneling x15  
  171  12:20  Zergling x2  
  171  12:21  Zergling x2  
  173  12:29  Zergling x8  
  179  12:30  Zergling x8  
  179  12:37  Baneling x9  
  179  12:38  Baneling x4  
  179  12:41  Zergling x8  
  179  12:42  Zergling x2  
  179  12:43  Baneling x2  
  179  12:44  Baneling  
  184  12:52  Zergling x2  
  184  12:56  Baneling x2  
  184  12:57  Baneling x4  
  182  13:00  Overlord x2, Zergling x14  
  182  13:02  Overlord  
  189  13:06  Baneling x2  
  189  13:07  Baneling x8  
Show
View Real Time Build Order
Export as new Build Order

Classic Protoss 

Build Orders: 1 Gate Expand, Oracle Opening, Phoenix Opening, Mass Adepts 

Get SALT Encoding   

  12  0:00  Probe  
  13  0:12  Probe  
  14  0:17  Pylon  
  14  0:24  Probe (Chrono Boost)  
  14  0:27  Assimilator  
  15  0:36  Probe (Chrono Boost)  
  16  0:45  Probe (Chrono Boost)  
  16  0:46  Gateway  
  17  0:50  Probe  
  18  1:03  Probe  
  19  1:15  Probe  
  20  1:23  Nexus  
  20  1:27  Probe  
  21  1:36  Cybernetics Core  
  21  1:39  Probe  
  22  1:43  Assimilator  
  22  1:50  Pylon  
  22  1:52  Probe  
  23  2:08  Probe  
  24  2:09  Adept (Chrono Boost)  
  24  2:12  Warp Gate  
  26  2:17  Stargate  
  26  2:20  Probe (Chrono Boost)  
  27  2:29  Probe (Chrono Boost)  
  28  2:32  Adept  
  28  2:35  Probe (Chrono Boost)  
  32  2:39  Probe (Chrono Boost)  
  33  2:45  Probe (Chrono Boost)  
  33  2:48  Probe (Chrono Boost)  
  33  2:49  Gateway  
  33  2:50  Probe (Chrono Boost)  
  35  2:58  Probe  
  35  2:59  Oracle (Chrono Boost)  
  35  3:02  Probe  
  40  3:10  Gateway  
  40  3:15  Probe x2  
  40  3:17  Pylon  
  42  3:20  Adept  
  44  3:27  Probe  
  44  3:28  Probe  
  46  3:35  Phoenix  
  46  3:36  Pylon  
  46  3:40  Twilight Council  
  48  3:45  Assimilator  
  48  3:47  Probe  
  48  3:48  Probe  
  48  4:04  Adept x3  
  48  4:07  Probe x2  
  48  4:09  Assimilator  
  54  4:10  Pylon, Resonating Glaives (Chrono Boost)  
  54  4:19  Probe  
  54  4:20  Probe  
  56  4:25  Adept x3  
  56  4:28  Pylon  
  62  4:34  Robotics Facility  
  62  4:43  Pylon  
  62  4:49  Adept x3  
  68  5:05  Gateway  
  68  5:06  Gateway  
  64  5:10  Adept x3  
  68  5:21  Immortal (Chrono Boost)  
  72  5:31  Pylon  
  72  5:32  Adept x3  
  78  5:42  Gateway  
  78  5:43  Gateway  
  78  5:45  Gateway  
  78  5:51  Warp Prism (Chrono Boost)  
  80  6:01  Adept x2  
  84  6:07  Sentry x2  
  84  6:08  Sentry  
  90  6:19  Pylon x2  
  90  6:20  Pylon  
  90  6:21  Pylon  
  90  6:36  Robotics Bay  
  90  6:43  Sentry x3  
  90  6:44  Sentry x2, Adept x3  
  106  6:47  Pylon  
  106  6:48  Pylon  
  106  7:05  Sentry x2  
  106  7:06  Pylon, Adept x4  
  106  7:07  Adept  
  120  7:08  Adept  
  119  7:28  Warp Prism (Chrono Boost)  
  115  7:43  Adept x2  
  115  7:44  Adept x2  
  111  7:45  Adept x2  
  105  7:57  Adept x2  
  109  8:01  Pylon  
  109  8:05  Robotics Bay  
  109  8:11  Sentry  
  109  8:12  Sentry, Adept x3  
  119  8:13  Adept  
  119  8:18  Robotics Facility, Adept x2  
  125  8:22  Pylon  
  125  8:49  Pylon  
  125  8:52  Disruptor (Chrono Boost)  
  128  9:01  Gravitic Drive  
  128  9:06  Pylon  
  128  9:11  Disruptor (Chrono Boost)  
  128  9:13  Pylon  
  131  9:18  Disruptor (Chrono Boost)  
  134  9:38  Disruptor (Chrono Boost)  
  134  9:43  Disruptor (Chrono Boost)  
  134  9:45  Nexus  
  137  9:46  Pylon  
  140  9:56  Pylon  
  140  10:02  Disruptor (Chrono Boost)  
  143  10:09  Disruptor (Chrono Boost)  
  146  10:14  Adept x2  
  150  10:26  Pylon, Probe x2  
  150  10:28  Adept x6  
  164  10:39  Adept  
  164  10:40  Adept  
  168  11:01  Stalker x6  
  180  11:24  Adept x6  
  140  11:28  Adept  
  117  11:33  Adept  
  111  12:06  Sentry x3, Adept x5  
  127  12:17  Probe (Chrono Boost)  
  128  12:27  Probe (Chrono Boost)  
  129  12:32  Probe (Chrono Boost), Adept  
  129  12:35  Adept x7  
  142  12:44  Probe  
  143  12:59  Sentry x3  
  143  13:00  Sentry, Adept x3  
  143  13:03  Adept  
Tags
 
Add a new tag
Caveats
  • Supply blocks, unpowered buildings, or Contaminate may cause inaccurate times.
  • Supply counts are checked every 10 seconds.